 Dungeon Crawl Stone Soup version 0.22.1-2-g9c5b331383 (webtiles) character file.

21598 Gargoyl the Schismatic (level 12, -8/102 HPs)
             Began as a Centaur Abyssal Knight on Dec 17, 2018.
             Was an Elder of Lugonu.
             Engulfed by an ice statue's freezing vapour (20 damage)
             ... in an ice cave.
             The game lasted 00:29:11 (19487 turns).

Gargoyl the Schismatic (Centaur Abyssal Knight)    Turns: 19487, Time: 00:29:12

Health: -8/102     AC: 17    Str: 21    XL:     12   Next: 55%
Magic:  18/19      EV:  9    Int: 17    God:    Lugonu [****..]
Gold:   882        SH:  4    Dex: 11    Spells: 11/11 levels left

rFire    . . .     SeeInvis +   a - +2 hand axe (chop)
rCold    . . .     Gourm    .   v - +0 buckler
rNeg     . . .     Faith    .   w - +1 scale mail of Qukki {*Slow rElec rCorr Int+6}
rPois    .         Spirit   .   q - +0 helmet
rElec    +         Reflect  .   d - +2 cloak
rCorr    +         Harm     .   t - +2 pair of gloves
MR       .....                  (no barding)
Stlth    ..........             (no amulet)
HPRegen  0.27/turn              b - ring of see invisible
MPRegen  0.16/turn              C - +5 ring of strength

@: very quick
A: large, hooves 3, clumsy 1, deformed body, speed 2, mutation resistance 1,
tough skin 3
a: Depart the Abyss, Bend Space, Banish, Corrupt, Renounce Religion


You were in an ice cave.
You worshipped Lugonu.
Lugonu was greatly pleased with you.
You were near starving.

You visited 2 branches of the dungeon, and saw 13 of its levels.
You visited the Abyss 2 times.
You also visited: Ossuary and Ice Cave.

You collected 882 gold pieces.

Inventory:

Hand Weapons
 a - a +2 hand axe of chopping (weapon)
 p - a +0 war axe
 F - a +0 hand axe of freezing
 G - the +9 flail of Dawn {crush, rPois Str+2 Int-2}
   (You found it on level 9 of the Dungeon)

   It inflicts extra damage upon your enemies.
   It affects your strength (+2).
   It affects your intelligence (-2).
   It protects you from poison.
Missiles
 L - 7 poisoned javelins (quivered)
Armour
 d - a +2 cloak (worn)
 q - a +0 helmet (worn)
 t - a +2 pair of gloves (worn)
 v - a +0 buckler (worn)
 w - the +1 scale mail of Qukki (worn) {*Slow rElec rCorr Int+6}
   (You found it on level 5 of the Dungeon)

   It affects your intelligence (+6).
   It insulates you from electricity.
   It provides partial protection from all sources of acid and corrosion.
   It may slow you when you take damage.
Jewellery
 b - a ring of see invisible (left hand)
 C - a +5 ring of strength (right hand)
Wands
 l - a wand of paralysis (11)
 s - a wand of iceblast (4)
 x - a wand of enslavement (15)
 y - a wand of polymorph (28)
 A - a wand of random effects (30)
Scrolls
 e - 4 scrolls of enchant weapon
 g - 8 scrolls of identify
 h - 9 scrolls of remove curse
 o - 7 scrolls of teleportation
 z - 5 scrolls of magic mapping
 E - a scroll of amnesia
Potions
 i - 3 potions of ambrosia
 j - a potion of brilliance
 k - 2 potions of invisibility
 m - a potion of resistance
 n - 8 potions of curing
 r - 2 potions of flight
 u - 2 potions of might
 I - 3 potions of berserk rage
 J - 2 potions of agility
Miscellaneous
 D - a sack of spiders
Comestibles
 c - 34 rations


   Skills:
 + Level 8.2 Fighting
 + Level 8.2(9.4) Axes
 + Level 7.0(8.8) Maces & Flails
 + Level 1.0 Throwing
 * Level 9.2 Armour
 + Level 3.8 Dodging
 + Level 2.2 Shields
 * Level 10.2 Invocations
 + Level 1.1 Evocations


You had 11 spell levels left.
You didn't know any spells.
Your spell library contained the following spells:

 Spells                   Type           Power        Failure   Level  Hunger
 Animate Skeleton         Necr           N/A          50%         1    ##.....
 Apportation              Tloc           #.....       50%         1    ##.....
 Confusing Touch          Hex            #.....       50%         1    ##.....
 Summon Small Mammal      Summ           #...         50%         1    ##.....


Dungeon Overview and Level Annotations

Branches:
Dungeon (9/15)             Temple (0/1) D:7            Lair (4/6) D:8
 Shoals (0/4) Lair:3       Spider (0/4) Lair:2
    Orc: D:9-12

Altars:
Ashenzari
Elyvilon
Fedhas
Gozag
Makhleb
Okawaru
Qazlal
Ru
Trog
Uskayaw
Xom
Yredelemnul
The Shining One

Shops:
D:5 =

Annotations:
Lair:1 exclusion: 2 oklob plants IceCv exclusion: 2 ice statues


Innate Abilities, Weirdness & Mutations

You have hooves in place of feet.
Armour fits poorly on your strangely shaped body.
You cover ground very quickly.
You have extremely tough skin. (AC +3)
You are clumsy. (Dex -2)
You are somewhat resistant to further mutation.


Message History

The ufetubus blinks!
You blink.
Marking area around the ice statue as unsafe for travelling.
Marking area around the ice statue as unsafe for travelling. 2 ice statues come into view.
The ice statue gestures at you. The freezing blast engulfs you!
* * * LOW HITPOINT WARNING * * *
Unknown command.
Okay, then.
You feel better.
You are engulfed in freezing vapours.
* * * LOW HITPOINT WARNING * * *
The ufetubus is engulfed in freezing vapours.
The ufetubus hits you but does no damage.
You block the ufetubus's attack.
The white imp is engulfed in freezing vapours.
The white imp misses you.
The ufetubus is engulfed in freezing vapours.
The ufetubus dies!
You feel better.
You are engulfed in freezing vapours.
You die...

#### #### ####.#.##
#..## #### #8......##
....#####§§####§§§....#
.....§##§§§§##§5@§....#
∩.∩..§§§..#§§..§§§....#
....§§§.§###§..55....##
....##§§## ###.......#
#..###### ##......#
#### 8......# #.....##
#....## .##


You could see 2 ice statues, 2 white imps and an ufetubus.

Vanquished Creatures
  Urug (Lair:3)
  Pikel (D:5)
  A manticore (Lair:3)
  An elephant (Lair:2)
  3 black mambas
  Joseph (D:7)
  A torpor snail (Lair:4)
  2 spiny frogs
  A rime drake (Lair:2)
  3 komodo dragons
  A queen bee (D:9)
  5 jumping spiders (Lair:2)
  3 dream sheep
  4 hippogriffs
  A blink frog (Lair:2)
  2 wyverns (Lair:2)
  2 redbacks (Lair:2)
  22 yaks
  2 basilisks
  Menkaure (D:7)
  6 water moccasins
  8 porcupines
  2 orc warriors
  2 ice beasts
  A slave (D:5)
  A phantom (D:5)
  An eye of draining (D:9)
  A black bear (D:8)
  2 sky beasts
  4 ogres
  3 necrophages
  5 wolves
  2 centaurs
  A crocodile (Lair:2)
  7 bullfrogs
  2 big kobolds (D:9)
  A gnoll sergeant (D:8)
  A water moccasin skeleton (D:4)
  6 scorpions
  5 wights (D:7)
  50 killer bees
  3 howler monkeys (D:7)
  8 crimson imps
  2 bullfrog zombies (D:9)
  2 centaur zombies (Ossuary)
  4 hounds
  An orc priest (D:4)
  A gnoll shaman (D:7)
  2 human zombies (Ossuary)
  3 jellies
  11 orc wizards
  2 bullfrog skeletons (D:6)
  2 iguanas (D:4)
  7 worker ants
  3 hell rats (Lair:2)
  A killer bee zombie (D:8)
  2 big kobold zombies (Ossuary)
  3 hound zombies
  2 hound skeletons
  2 mummies (Ossuary)
  A worker ant zombie (D:9)
  16 gnolls
  18 adders
  8 river rats
  3 white imps (IceCv)
  2 ufetubi (IceCv)
  An ooze (D:3)
  An adder skeleton (D:6)
  2 adder zombies (D:8)
  3 worms
  3 dart slugs
  3 leopard geckos
  43 orcs
  9 bats
  6 giant cockroaches
  4 goblins
  5 hobgoblins
  12 jackals
  2 quokkas
  2 ball pythons
  5 frilled lizards
  16 hobgoblin zombies
  2 jackal zombies (Ossuary)
  11 kobolds
  11 kobold zombies
  A leopard gecko skeleton (D:6)
  4 orc zombies (Ossuary)
  12 rats
436 creatures vanquished.

Vanquished Creatures (others)
  An elephant (Lair:2)
  The ghost of highc0 the Cutter, a novice HuWr of Ashenzari (D:5)
  A troll (D:8)
  A queen bee (Lair:2)
  An iguana (D:5)
  An adder (D:5)
  3 white imps (IceCv)
  4 ufetubi (IceCv)
  A leopard gecko (D:5)
  18 fungi
  4 plants
  A withered plant (D:5)
37 creatures vanquished.

Grand Total: 473 creatures vanquished

Notes
Turn   | Place    | Note
-------+----------+-------------------------------------------
     0 | Abyss:1  | Gargoyl the Centaur Abyssal Knight began the quest for the
                  | Orb.
     0 | Abyss:1  | Reached XP level 1. HP: 19/19 MP: 2/2
    60 | Abyss:1  | Noticed a bone dragon
    67 | Abyss:1  | Noticed a large abomination
    77 | Abyss:1  | Noticed a starcursed mass
    79 | D:1      | Escaped the Abyss
   345 | D:1      | Reached * piety under Lugonu
   423 | D:1      | Reached XP level 2. HP: 25/26 MP: 3/3
   848 | D:2      | Reached XP level 3. HP: 31/31 MP: 4/4
  1406 | D:2      | Reached XP level 4. HP: 39/39 MP: 6/6
  1788 | D:2      | Found a burning altar of Makhleb.
  1788 | D:2      | Found a white marble altar of Elyvilon.
  1790 | D:2      | Found a glowing golden altar of the Shining One.
  2039 | D:3      | Reached ** piety under Lugonu
  2058 | D:3      | Reached skill level 3 in Invocations
  2058 | D:3      | Reached XP level 5. HP: 26/46 MP: 7/7
  2677 | D:4      | Gained mutation: Your spells are a little easier to cast,
                  | but a little less powerful. [potion of mutation]
  2677 | D:4      | Gained mutation: Your flesh is cold resistant. (rC+)
                  | [potion of mutation]
  2677 | D:4      | Gained mutation: You passively map a small area around you.
                  | [potion of mutation]
  2678 | D:4      | Lost mutation: Your spells are a little easier to cast, but
                  | a little less powerful. [potion of mutation]
  2678 | D:4      | Lost mutation: Your flesh is cold resistant. (rC+) [potion
                  | of mutation]
  2678 | D:4      | Gained mutation: You are dopey. (Int -2) [potion of
                  | mutation]
  2678 | D:4      | Gained mutation: You are clumsy. (Dex -2) [potion of
                  | mutation]
  2678 | D:4      | Lost mutation: You are dopey. (Int -2) [potion of mutation]
  3145 | D:4      | Reached XP level 6. HP: 44/52 MP: 8/8
  3286 | D:4      | Found a blossoming altar of Fedhas.
  3336 | D:4      | Found a stormy altar of Qazlal.
  3399 | D:4      | Found a basalt altar of Yredelemnul.
  3406 | D:4      | Noticed an orc warrior
  3416 | D:4      | Reached skill level 1 in Dodging
  3618 | D:4      | Killed an orc warrior
  3990 | D:4      | Reached *** piety under Lugonu
  4000 | D:4      | Reached XP level 7. HP: 34/59 MP: 9/9
  4272 | D:5      | Entered Level 5 of the Dungeon
  4323 | D:5      | Noticed Pikel
  4361 | D:5      | Killed Pikel
  4361 | D:5      | Reached skill level 4 in Invocations
  4361 | D:5      | Reached XP level 8. HP: 29/67 MP: 9/11
  4701 | D:5      | Found Tyrem's Jewellery Emporium.
  4721 | D:5      | Reached skill level 5 in Axes
  4781 | D:5      | Found a shimmering altar of Xom.
  4781 | D:5      | Found an opulent altar of Gozag.
  4917 | D:5      | Got a bronze scale mail
  4940 | D:5      | Identified the +1 scale mail of Qukki {*Slow rElec rCorr
                  | Int+6} (You found it on level 5 of the Dungeon)
  4988 | D:5      | Noticed highc0's ghost (novice HuWr)
  4989 | D:5      | Found a runed door.
  5010 | D:5      | Banished highc0's ghost
  5018 | D:5      | Lost mutation: You passively map a small area around you.
                  | [potion of mutation]
  5018 | D:5      | Lost mutation: You are clumsy. (Dex -2) [potion of
                  | mutation]
  5018 | D:5      | Gained mutation: You have a pair of small horns on your
                  | head. [potion of mutation]
  5018 | D:5      | Gained mutation: You have a pair of horns on your head.
                  | [potion of mutation]
  5122 | D:6      | Reached skill level 5 in Armour
  5170 | D:6      | Reached skill level 5 in Invocations
  5544 | D:6      | Reached skill level 5 in Fighting
  5575 | D:6      | Found a sand-covered staircase.
  5586 | Ossuary  | Entered an ossuary
  5754 | Ossuary  | Reached **** piety under Lugonu
  6079 | D:6      | Reached XP level 9. HP: 69/74 MP: 11/13
  6127 | D:6      | Found a burning altar of Makhleb.
  6747 | D:7      | Reached ***** piety under Lugonu
  7255 | D:7      | Reached skill level 6 in Invocations
  7519 | D:7      | Noticed Menkaure
  7525 | D:7      | Killed Menkaure
  7762 | D:7      | Found a staircase to the Ecumenical Temple.
  8481 | D:8      | Reached XP level 10. HP: 67/83 MP: 14/14
  8499 | D:7      | Found a sacrificial altar of Ru.
  8499 | D:7      | Noticed Joseph
  8524 | D:7      | HP: 4/83 [Joseph/uncursed quarterstaff (15)]
  8533 | D:7      | Killed Joseph
  8899 | D:8      | Found a staircase to the Lair.
  8936 | D:8      | Reached skill level 1 in Shields
  8979 | D:8      | Reached skill level 7 in Invocations
  9500 | D:8      | Lost mutation: You have a pair of horns on your head.
                  | [potion of mutation]
  9500 | D:8      | Lost mutation: You have a pair of small horns on your head.
                  | [potion of mutation]
  9500 | D:8      | Gained mutation: You are clumsy. (Dex -2) [potion of
                  | mutation]
  9500 | D:8      | Gained mutation: You are somewhat resistant to further
                  | mutation. [potion of mutation]
 10743 | D:9      | Got a steaming great sword
 10749 | D:9      | Identified the +9 great sword "Tebloev" {freeze, rF- MR+
                  | SInv} (You found it on level 9 of the Dungeon)
 11128 | D:9      | Found a shattered altar of Ashenzari.
 11130 | D:9      | Found a hide-covered altar of Uskayaw.
 11167 | D:9      | Found an iron altar of Okawaru.
 11248 | D:9      | Got a scorched flail
 11249 | D:9      | Identified the +9 flail of Dawn {crush, rPois Str+2 Int-2}
                  | (You found it on level 9 of the Dungeon)
 11623 | D:9      | Reached skill level 1 in Maces & Flails
 11643 | D:9      | Found a bloodstained altar of Trog.
 11733 | D:9      | Reached XP level 11. HP: 53/90 MP: 16/16
 11736 | D:9      | Reached skill level 8 in Invocations
 12304 | Lair:1   | Entered Level 1 of the Lair of Beasts
 12306 | Lair:1   | Noticed an oklob plant
 12306 | Lair:1   | Noticed an oklob plant
 14851 | Lair:2   | Reached ****** piety under Lugonu
 14963 | Lair:2   | Reached skill level 5 in Maces & Flails
 14986 | Lair:2   | Reached skill level 9 in Invocations
 15058 | Abyss:1  | Noticed a starcursed mass
 15058 | Lair:2   | Escaped the Abyss
 15060 | Lair:2   | HP: 3/92 [killer bee (7)]
 15938 | Lair:2   | Reached XP level 12. HP: 85/100 MP: 19/19
 15946 | Lair:2   | Found a hole to the Spider Nest.
 17448 | Lair:2   | Reached skill level 10 in Invocations
 17767 | Lair:3   | Found a staircase to the Shoals.
 17926 | Lair:3   | Noticed Urug
 17935 | Lair:3   | Killed Urug
 18052 | Lair:3   | Reached skill level 1 in Evocations
 18401 | Lair:3   | Reached skill level 1 in Throwing
 19236 | Lair:4   | Found a frozen archway.
 19245 | IceCv    | Entered an ice cave
 19486 | IceCv    | HP: 4/102 [ice statue] (10)]
 19487 | IceCv    | Engulfed by an ice statue's freezing vapour

Skill      XL: |  1  2  3  4  5  6  7  8  9 10 11 12 |
---------------+-------------------------------------+-----
Axes           | 2 3 4 5 7 8 |  8.2
Armour         | 2 3 4 5 6 7 8 9 |  9.2
Invocations    | 3 4 5 6 7 9 10 | 10.2
Fighting       | 4 5 6 7 8 |  8.2
Dodging        | 1 2 3 |  3.8
Shields        | 1 2 |  2.2
Maces & Flails | 2 5 7 |  7.0
Evocations     | 1 |  1.1
Throwing       | 1 |  1.0

Action                   |  1- 3 |  4- 6 |  7- 9 | 10-12 || total
-------------------------+-------+-------+-------+-------++-------
Melee: Hand axe          |    96 |   165 |   464 |   264 ||   989
       Kick              |    19 |    31 |   137 |   214 ||   401
       Headbutt          |       |       |    67 |    17 ||    84
       Flail             |       |       |       |   560 ||   560
Throw: Javelin           |       |       |     3 |    22 ||    25
Invok: Depart the Abyss  |     1 |       |       |     1 ||     2
       Banish            |       |       |     1 |     8 ||     9
       Bend Space        |       |       |       |     2 ||     2
       Enter the Abyss   |       |       |       |     1 ||     1
Evoke: Wand              |       |       |       |    18 ||    18
  Use: Scroll            |     6 |     8 |     9 |     7 ||    30
       Potion            |       |     4 |     1 |    14 ||    19
 Stab: Invisible         |       |       |       |     7 ||     7
       Paralysed         |       |       |       |     3 ||     3
  Eat: Chunk             |       |     8 |    12 |    24 ||    44
       Ration            |       |       |       |     3 ||     3
Armor: Chain mail        |    93 |   134 |       |       ||   227
       Leather armour    |     3 |       |       |       ||     3
       Plate armour      |       |    21 |    74 |       ||    95
       Scale mail        |       |       |   188 |   506 ||   694
       Skin              |       |       |       |    29 ||    29
Dodge: Dodged            |    34 |    37 |   107 |   402 ||   580
Block: Buckler           |       |       |    28 |   148 ||   176
